 Dungeon Crawl Stone Soup version 0.23-a0-635-g88ca12a (console) character file.

82 Duffy the Conjurer (level 4, 29/30 HPs)
             Began as a Demonspawn Fire Elementalist on Dec 27, 2018.
             Quit the game on level 2 of the Dungeon.
             The game lasted 00:01:44 (1818 turns).

Duffy the Conjurer (Demonspawn Fire Elementalist)   Turns: 1818, Time: 00:01:45

Health: 29/30      AC:  4    Str:  8    XL:     4   Next: 21%
Magic:  0/7        EV: 12    Int: 17    God:
Gold:   9          SH:  0    Dex: 14    Spells: 7/8 levels left

rFire    . . .     SeeInvis .   e - +0 whip
rCold    . . .     Gourm    .   (no shield)
rNeg     . . .     Faith    .   a - +0 robe
rPois    .         Spirit   +   (helmet restricted)
rElec    .         Reflect  .   (no cloak)
rCorr    .         Harm     .   (no gloves)
MR       .....                  (no boots)
Stlth    ++........             (no amulet)
HPRegen  0.10/turn              (no ring)
MPRegen  0.10/turn              (no ring)

@: very slightly contaminated
A: horns 1, iridescent scales 1, magic shield
a: no special abilities


You were on level 2 of the Dungeon.
You were not hungry.

You visited 1 branch of the dungeon, and saw 2 of its levels.

You collected 9 gold pieces.

Inventory:

Hand Weapons
 e - a +0 whip (weapon)
Armour
 a - a +0 robe (worn)
 b - a cursed +0 helmet
 d - a +0 shield
Scrolls
 g - a scroll of teleportation {unknown}
 h - a scroll of enchant armour {unknown}
Potions
 i - 2 potions of curing {unknown}
 j - a potion of ambrosia {unknown}
Comestibles
 c - 2 rations
 f - 4 chunks of flesh


   Skills:
 - Level 1.7 Dodging
 - Level 1.7 Stealth
 + Level 2.5 Spellcasting
 + Level 3.2 Conjurations
 + Level 3.1 Fire Magic


You had 7 spell levels left.
You knew the following spells:

 Your Spells              Type           Power        Failure   Level  Hunger
h - Flame Tongue          Conj/Fire      ##...        4%          1    #......

Your spell library contained the following spells:

 Spells                   Type           Power        Failure   Level  Hunger
 Throw Flame              Conj/Fire      ##....       8%          2    ##.....
 Conjure Flame            Conj/Fire      ##......     14%         3    ###....
 Inner Flame              Hex/Fire       #.......     28%         3    ###....
 Sticky Flame             Conj/Fire      ##......     43%         4    #####..
 Fireball                 Conj/Fire      ##........   80%         5    ######.


Dungeon Overview and Level Annotations

Branches:
Dungeon (2/15)

Altars:
Makhleb


Innate Abilities, Weirdness & Mutations

You have a pair of small horns on your head.
You are partially covered in iridescent scales. (AC +2)
When hurt, damage is shared between your health and your magic reserves.


Message History

Casting: Flame Tongue (safe; 4% risk of failure)
Confirm with . or Enter, or press ? or * to list all spells.
Aiming: Flame Tongue (safe; 4% risk of failure)
Press: ? - help, Shift-Dir - straight line, f/p - jackal
Aim: a jackal (moderately wounded)
The flame tongue hits the jackal.
You kill the jackal!
Casting: Flame Tongue (safe; 4% risk of failure)
Confirm with . or Enter, or press ? or * to list all spells.
You don't have enough magic to cast that spell.
Casting: Flame Tongue (safe; 4% risk of failure)
Confirm with . or Enter, or press ? or * to list all spells.
You don't have enough magic to cast that spell.
Casting: Flame Tongue (safe; 4% risk of failure)
Confirm with . or Enter, or press ? or * to list all spells.
You don't have enough magic to cast that spell.
Casting: Flame Tongue (safe; 4% risk of failure)
Confirm with . or Enter, or press ? or * to list all spells.
You don't have enough magic to cast that spell.
Are you sure you want to abandon this character and quit the game? (Confirm

#.....#.......##
#
######%........#
# #.........# #
#.........# #
#.........#### #
#.........%..# #
#.........#.##
#........[#h#
###...#####@#
######### #.#
#.......# #.#
#.#####.# #.#
#.# #.# #.# #.#
#.# #.#
#.#####.# #.#
#.)...#.####.#
#####.#......#


You could see a jackal.

Vanquished Creatures
  Jessica (D:2)
  An adder (D:2)
  2 worms (D:2)
  2 dart slugs
  A leopard gecko (D:2)
  A ball python (D:2)
  4 bats
  2 goblins (D:1)
  9 hobgoblins
  3 jackals (D:2)
  A quokka (D:2)
  3 frilled lizards
  2 kobolds
  3 rats
35 creatures vanquished.

Notes
Turn   | Place    | Note
-------+----------+-------------------------------------------
     0 | D:1      | Duffy the Demonspawn Fire Elementalist began the quest for
                  | the Orb.
     0 | D:1      | Reached XP level 1. HP: 13/13 MP: 3/3
   512 | D:1      | Gained mutation: You have a pair of small horns on your
                  | head. [demonic ancestry]
   512 | D:1      | Reached XP level 2. HP: 19/19 MP: 1/5
  1147 | D:2      | Gained mutation: You are partially covered in iridescent
                  | scales. (AC +2) [demonic ancestry]
  1147 | D:2      | Reached XP level 3. HP: 15/24 MP: 0/6
  1580 | D:2      | Found a burning altar of Makhleb.
  1678 | D:2      | Noticed Jessica
  1681 | D:2      | Killed Jessica
  1681 | D:2      | Gained mutation: When hurt, damage is shared between your
                  | health and your magic reserves. [demonic ancestry]
  1681 | D:2      | Reached XP level 4. HP: 19/30 MP: 3/7
  1818 | D:2      | Quit the game

Vault maps used:
D:1:      kilobyte_arrival_exit_the_forest
D:2:      bloody_makhleb, first_ration, minmay_misc_feat_roman,
          kennysheep_generic_room_16, uniq_jessica

Skill      XL: |  1  2  3 |
---------------+----------+-----
Conjurations   | 2 3 |  3.2
Fire Magic     | 3 |  3.1
Dodging        | |  1.7
Stealth        | |  1.7
Spellcasting   | |  2.5

Action                   |  1- 3 |  4- 6 || total
-------------------------+-------+-------++-------
Melee: Whip              |    27 |       ||    27
       Headbutt          |     3 |       ||     3
 Cast: Flame Tongue      |    59 |     6 ||    65
 Stab: Sleeping          |     1 |       ||     1
  Eat: Chunk             |     3 |     1 ||     4
Armor: Robe              |    15 |       ||    15
Dodge: Dodged            |    43 |     3 ||    46

Table legend:
 A = Non-vault XP
 B = Vault XP
 C = Vault XP percentage of total XP
 D = Non-vault monster count
 E = Vault monster count
 F = Vault count percentage of total count
                 A         B        C        D         E       F
            +---------+---------+-------+---------+---------+-------
      Total |      81 |      37 |  31.4 |      34 |       1 |   2.9
            +---------+---------+-------+---------+---------+-------
        D:1 |      21 |       0 |   0.0 |      12 |       0 |   0.0
        D:2 |      60 |      37 |  38.1 |      22 |       1 |   4.3
            +---------+---------+-------+---------+---------+-------
